 Dungeon Crawl Stone Soup version 0.27-a0-492-ga4bb394fd4 (webtiles) character file.

Game seed: 5369333135993154183

922 Nattfarinn the Changer (level 8, -1/48 HPs)
             Began as an Octopode Transmuter on Mar 2, 2021.
             Killed from afar by a white imp (13 damage)
             ... with a puff of frost
             ... on level 6 of the Dungeon.
             The game lasted 00:10:46 (6330 turns).

Nattfarinn the Changer (Octopode Transmuter)        Turns: 6330, Time: 00:10:47

Health: -1/48      AC:  6    Str:  9    XL:     8   Next: 10%
Magic:  12/14      EV: 23    Int: 18    God:
Gold:   200        SH:  0    Dex: 17    Spells: 3/15 levels left

rFire    . . .     SeeInvis .     - Unarmed
rCold    . . .     Faith    .   (shield currently unavailable)
rNeg     . . .     Spirit   .   (helmet currently unavailable)
rPois    x         Reflect  .   (no amulet)
rElec    .         Harm     .   a - ring of resist corrosion
rCorr    +         Rampage  .   n - +4 ring of evasion
Will     .....                  w - +4 ring of protection
Stlth    ++........             (no ring)
HPRegen  0.16/turn              (no ring)
MPRegen  0.14/turn              (no ring)
                                (no ring)
                                (no ring)

@: spider-form (expiring)
A: tiny, almost no armour, stealthy swim, (amphibious), 8 rings, (constrict 8)
a: End Transformation


You were on level 6 of the Dungeon.
You were a venomous arachnid creature.
You visited 1 branch of the dungeon, and saw 6 of its levels.

You collected 305 gold pieces.
You spent 105 gold pieces at shops.

Inventory:

Hand Weapons
 h - a +4 hunting sling of flaming (melded)
Missiles
 i - 113 stones
Jewellery
 a - a ring of resist corrosion (left front leg)
 n - a +4 ring of evasion (right front leg)
 w - a +4 ring of protection (on tentacle)
Wands
 l - a wand of random effects (19)
 q - a wand of iceblast (1)
Scrolls
 b - 4 scrolls of teleportation
 f - 2 scrolls of identify {unknown}
 k - a scroll of magic mapping {unknown}
 m - a scroll of fog {unknown}
 p - 3 scrolls of enchant armour {unknown}
 r - a scroll of amnesia
 s - a scroll of noise {unknown}
 u - a scroll of random uselessness {unknown}
Potions
 c - a potion of magic
 d - a potion of haste
 e - 3 potions of curing
 g - 2 potions of degeneration {unknown}
 j - 2 potions of brilliance {unknown}
 o - a potion of invisibility {unknown}
 t - a potion of might {unknown}
 v - a potion of lignification {unknown}


   Skills:
 - Level 1.0 Fighting
 - Level 2.0 Dodging
 * Level 5.4 Unarmed Combat
 - Level 4.1 Spellcasting
 + Level 6.9 Transmutations


You had 3 spell levels left.
You knew the following spells:

 Your Spells              Type           Power        Failure   Level
a - Blade Hands           Tmut           14%          45%         5
b - Spider Form           Tmut/Pois      8%           26%         3
c - Ice Form              Ice/Tmut       16%          56%         4

Your spell library contained the following spells:

 Spells                   Type           Power        Failure   Level
 Beastly Appendage        Tmut           56%          4%          1
 Wereblood                Tmut           28%          6%          2


Dungeon Overview and Level Annotations

Branches:
Dungeon (6/15)
 Temple: D:4-7

Altars:
Dithmenos
Ru
Uskayaw
Vehumet
The Shining One

Shops:
D:5 *

Annotations:
D:4 exclusion: statue


Innate Abilities, Weirdness & Mutations

You cannot wear most types of armour.
You are very stealthy in the water. (Stealth+)
((You are amphibious.))
You can wear up to eight rings at the same time.
((You can use your tentacles to constrict eight enemies at once.))
((Your skin changes colour to match your surroundings (Stealth+).))
((Your rubbery body absorbs attacks. (AC +1, EV +1)))


Message History

You bite the hound skeleton!
The hound skeleton is almost destroyed.
The hound skeleton completely misses you.
The white imp barely misses you.
You hit the hound skeleton.
You destroy the hound skeleton!
The white imp sputters.
The white imp misses you.
You hit the white imp but do no damage. You barely miss the white imp.
Your transformation is almost over.
The white imp gestures at you. The puff of frost hits you!
You barely miss the white imp. The white imp misses you.
Unknown command.
You hit the white imp.
The white imp is lightly wounded.
The white imp gestures at you. The puff of frost misses you.
You hit the white imp.
The white imp is moderately wounded.
The white imp gestures at you. The puff of frost misses you.
You hit the white imp but do no damage.
The white imp is moderately wounded.
The white imp gestures at you. The puff of frost hits you!
* * * LOW HITPOINT WARNING * * *
You hit the white imp but do no damage.
The white imp is poisoned.
The white imp is moderately wounded.
The white imp hits you.
* * * LOW HITPOINT WARNING * * *
The white imp freezes you.
* * * LOW HITPOINT WARNING * * *
You feel better. The white imp misses you.
You hit the white imp but do no damage.
The white imp is severely wounded.
The white imp gestures at you. The puff of frost hits you!
You die...

..................
..... ...........c #...
..........(
#..####.........(
#..............(.
#..............#
...##..(##...5.c...#
..........(#....##.#
.#........s##...# ..
.........(5.#..##
................#####
......#.......#.##
......##.........###
.................#.#
##.................##
.......#(...........#.#
#....#<...............


You could see a white imp (very poisoned).

Vanquished Creatures
  3 ogres
  2 centaurs
  Blork the orc (D:5)
  A bullfrog (D:6)
  A scorpion (D:4)
  A quasit (D:5)
  2 hounds (D:4)
  A jelly (D:5)
  2 worker ants (D:5)
  An orc wizard (D:4)
  A hound skeleton (D:6)
  4 adders
  3 white imps
  An adder skeleton (D:4)
  A worm (D:2)
  2 dart slugs
  4 leopard geckos
  7 orcs
  6 bats
  4 giant cockroaches
  4 goblins
  8 hobgoblins
  6 jackals
  8 kobolds
  A frilled lizard (D:1)
  A leopard gecko skeleton (D:4)
  6 rats
82 creatures vanquished.

Vanquished Creatures (others)
  2 plants (D:4)
2 creatures vanquished.

Grand Total: 84 creatures vanquished

Notes
Turn   | Place    | Note
-------+----------+-------------------------------------------
     0 | D:1      | Nattfarinn the Octopode Transmuter began the quest for the
                  | Orb.
     0 | D:1      | Reached XP level 1. HP: 13/13 MP: 3/3
   424 | D:1      | Reached XP level 2. HP: 13/18 MP: 5/5
   979 | D:1      | Reached skill level 3 in Transmutations
   980 | D:1      | Reached XP level 3. HP: 2/23 MP: 6/6
  2165 | D:2      | Found a sacrificial altar of Ru.
  2754 | D:2      | Learned a level 3 spell: Spider Form
  2860 | D:3      | Reached XP level 4. HP: 28/28 MP: 6/8
  3333 | D:3      | Found a shadowy altar of Dithmenos.
  3532 | D:3      | You fall into a shaft and drop 2 floors!
  3532 | D:5      | Entered Level 5 of the Dungeon
  3702 | D:4      | Reached skill level 4 in Transmutations
  3704 | D:4      | Noticed an ogre
  3717 | D:4      | Reached XP level 5. HP: 33/33 MP: 5/9
  3731 | D:4      | Killed an ogre
  3732 | D:4      | Reached skill level 5 in Transmutations
  3876 | D:4      | Reached XP level 6. HP: 37/38 MP: 11/11
  4020 | D:4      | Found a hide-covered altar of Uskayaw.
  4275 | D:4      | Found a radiant altar of Vehumet.
  4485 | D:4      | HP: 1/38 [poisoned by a scorpion]
  5224 | D:5      | Reached skill level 6 in Transmutations
  5224 | D:5      | Reached XP level 7. HP: 41/43 MP: 6/13
  5356 | D:5      | Found a glowing golden altar of the Shining One.
  5376 | D:5      | Learned a level 5 spell: Blade Hands
  5381 | D:5      | Learned a level 4 spell: Ice Form
  5706 | D:5      | Found Tefaeq's Assorted Antiques.
  5718 | D:5      | Bought 3 scrolls labelled ZUOSHO FAMURCH for 105 gold
                  | pieces
  6186 | D:6      | Noticed Blork the orc
  6200 | D:5      | Killed Blork the orc
  6308 | D:6      | Reached skill level 5 in Unarmed Combat
  6308 | D:6      | Reached XP level 8. HP: 48/48 MP: 12/14
  6330 | D:6      | Killed from afar by a white imp

Illustrated notes

Levels and vault maps discovered:
D:1:      dpeg_arrival_water_fire, layout_rooms
D:2:      layout_basic, nicolae_ru_path_of_blood,
          corexii_item_surrounded_by_moat, supply_closet_lemuel
D:3:      layout_loops_ring, overflow_temple_1_default
D:4:      layout_basic, marbit_many_paths, vehumet_statue, serial_forest,
          infiniplex_forest_straight_3, infiniplex_forest_lined_4_way,
          infiniplex_forest_clump_small, infiniplex_forest_lined_room_3,
          infiniplex_forest_end_2, infiniplex_forest_corner_1,
          infiniplex_forest_clump_medium
D:5:      layout_loops_ring, kennysheep_mini_moat,
          nicolae_overflow_hidden_temple, serial_shops,
          nicolae_shop_statue_plus, eino_tiny_chamber
D:6:      layout_cave_pools, zin_scriptorium, minmay_temple_entry_overgrown,
          uniq_sigmund, uniq_blork_the_orc

Skill      XL: |  1  2  3  4  5  6  7 |
---------------+----------------------+-----
Transmutations | 3 4 5 6 |  6.9
Spellcasting   | 3 4 |  4.1
Unarmed Combat | 5 |  5.4
Fighting       | |  1.0
Dodging        | |  2.0

Action                   |  1- 3 |  4- 6 |  7- 9 || total
-------------------------+-------+-------+-------++-------
Melee: Unarmed           |    97 |    52 |    55 ||   204
       Constrict         |    26 |       |       ||    26
       Tentacles         |     9 |       |       ||     9
 Fire: Hunting sling     |    18 |    56 |    26 ||   100
 Cast: Spider Form       |       |    11 |     4 ||    15
       Ice Form          |       |       |     2 ||     2
  Use: Potion            |       |     3 |     1 ||     4
       Scroll            |       |       |     4 ||     4
 Stab: Sleeping          |     2 |       |     1 ||     3
Armor: Skin              |    10 |     6 |     9 ||    25
Dodge: Dodged            |    73 |    44 |    95 ||   212

Table legend: (Time is in decaauts)
 A = Elapsed time spent in this place.
 B = Non-inter-level travel time spent in this place.
 C = Inter-level travel time spent in this place.
 D = Time resting spent in this place.
 E = Time spent auto-exploring this place.
 F = Levels seen in this place.
 G = Mean time per level.
                   A        B        C        D        E       F      G
               +--------+--------+--------+--------+--------+-----+--------+
         Total |   6321 |   5878 |    443 |   1426 |   3805 |   6 | 1053.5 |
       Dungeon |   6321 |   5878 |    443 |   1426 |   3805 |   6 | 1053.5 |
               +--------+--------+--------+--------+--------+-----+--------+

Top non-repeatable levels by time:
     D:1: 1799 daAuts
     D:4: 1336 daAuts
     D:5: 1203 daAuts
     D:2: 1036 daAuts
     D:3: 824 daAuts
     D:6: 121 daAuts
